 Dungeon Sprint DCSS version 0.26.0-16-gc1dbca0489 (webtiles) character file.

Game seed: 14671362784655222297

245 Groucho the Covert (level 5, 0/23 (24) HPs)
             Began as a Spriggan Enchanter on Jan 18, 2021.
             Slain by a necrophage (2 damage)
             ... in the Dungeon (Sprint II: "The Violet Keep of Menkaure").
             The game lasted 00:00:58 (79 turns).

Groucho the Covert (Spriggan Enchanter)               Turns: 79, Time: 00:00:58

HP:   0/23 (24)     AC:  2    Str:  5    XL:     5   Next: 84%
MP:   13/15         EV: 24    Int: 17    God:
Gold: 0             SH:  0    Dex: 16    Spells: 17/18 levels left

rFire    . . .     SeeInvis +   a - +1 dagger
rCold    . . .     Faith    .   (shield restricted)
rNeg     . . .     Spirit   .   b - +0 robe
rPois    .         Reflect  .   (helmet restricted)
rElec    .         Harm     .   (no cloak)
rCorr    .         Rampage  .   (gloves unavailable)
Will     .....     NoTele   +   (boots unavailable)
Stlth    ++++......             (no amulet)
HPRegen  0.07/turn              (no ring)
MPRegen  0.14/turn              (no ring)

@: berserk cooldown, hasted (expiring), lightly drained, very quick
A: very small, unfitting armour, see invisible, speed 3
a: no special abilities


You were in the Dungeon.
You visited 1 branch

Inventory:

Hand Weapons
 a - a +1 dagger (weapon)
Armour
 b - a +0 robe (worn)
Scrolls
 i - a scroll of blinking
Potions
 g - 2 potions of magic


   Skills:
 + Level 5.9 Short Blades
 + Level 8.3 Dodging
 + Level 9.5 Stealth
 + Level 7.0 Spellcasting
 + Level 7.4 Hexes


You had 17 spell levels left.
You knew the following spells:

 Your Spells              Type           Power        Failure   Level
a - Corona                Hex            34%          1%          1

Your spell library contained the following spells:

 Spells                   Type           Power        Failure   Level
 Confusing Touch          Hex            31%          1%          3
 Tukima's Dance           Hex            31%          1%          3
 Ensorcelled Hibernation  Hex/Ice        36%          3%          2
 Dazzling Flash           Conj/Hex       36%          8%          3


Dungeon Overview and Level Annotations

Branches:
Dungeon (1/1)

Altars:


Innate Abilities, Weirdness & Mutations

You are very small and have problems with some larger weapons.
You are too small for most types of armour.
You have supernaturally acute eyesight. (SInv)
You cover ground extremely quickly.


Message History

The necrophage is heavily damaged.
The necrophage closely misses you.
You completely miss the necrophage.
The necrophage is heavily damaged.
Unknown command.
Unknown command.
You barely miss the necrophage.
The necrophage is heavily damaged.
The necrophage completely misses you.
Unknown command.
Unknown command.
You hit the necrophage.
The necrophage is heavily damaged.
Unknown command.
You hit the necrophage but do no damage.
The necrophage is heavily damaged.
The necrophage hits you.
* * * LOW HITPOINT WARNING * * *
You feel drained.
You die...

#+#
##.##
+.<.+
##@##
#n#
.#.
.. ..
##.
.##
## ##


You could see a necrophage.

Vanquished Creatures
  3 necrophages (D)
3 creatures vanquished.

Notes
Turn   | Place    | Note
-------+----------+-------------------------------------------
     0 | D        | Groucho the Spriggan Enchanter began the quest for the Orb.
     0 | D        | Reached XP level 1. HP: 9/9 MP: 5/5
     1 | D        | Noticed a necrophage
     1 | D        | Noticed a necrophage
     1 | D        | Noticed a necrophage
     1 | D        | Noticed a necrophage
    12 | D        | Killed a necrophage
    13 | D        | Reached skill level 7 in Stealth
    13 | D        | Reached skill level 5 in Spellcasting
    13 | D        | Reached skill level 5 in Hexes
    13 | D        | Reached XP level 2. HP: 4/13 MP: 6/9
    13 | D        | Reached XP level 3. HP: 6/16 MP: 6/10
    13 | D        | Reached XP level 4. HP: 8/21 MP: 7/12
    19 | D        | Killed a necrophage
    20 | D        | Reached skill level 5 in Short Blades
    20 | D        | Reached skill level 8 in Stealth
    20 | D        | Reached XP level 5. HP: 9/24 MP: 7/14
    26 | D        | HP: 1/23 [necrophage (1)]
    52 | D        | HP: 1/20 [necrophage (2)]
    56 | D        | Killed a necrophage
    57 | D        | Reached skill level 9 in Stealth
    79 | D        | Slain by a necrophage

Illustrated notes

Levels and vault maps discovered:
D:        the_violet_keep_of_menkaure [sprint2_stairs_cluster_1,
          sprint2_shoproom, sprint2_temple, sprint2_basic_supplies,
          sprint2_obstacle_1, sprint2_obstacle_5, sprint2_obstacle_4,
          sprint2_obstacle_7, sprint2_obstacle_6, sprint2_timed_cluster_1,
          sprint2_smallroom_cluster_1, sprint2_smallroom_final_cluster_1,
          sprint2_transparent_cluster_1, sprint2_second_timed_cluster_1,
          sprint2_sniper_area_1, sprint2_heavy_combat_area_1,
          sprint2_mutation_trap_area_1, sprint2_forest_area_1,
          sprint2_light_combat_area_1, sprint2_behind_water_1,
          sprint2_near_end_vault_1]

Skill      XL: |  1  2  3  4  5 |
---------------+----------------+-----
Short Blades   | 4 5 |  5.9
Dodging        | 6 7 8 |  8.3
Stealth        | 7 8 9 |  9.5
Spellcasting   | 5 6 7 |  7.0
Hexes          | 5 6 7 |  7.4

Action                   |  1- 3 |  4- 6 || total
-------------------------+-------+-------++-------
Melee: Dagger            |    10 |    64 ||    74
  Use: Potion            |     1 |     3 ||     4
Armor: Robe              |       |     2 ||     2
Dodge: Dodged            |     4 |    34 ||    38
